 Dungeon Crawl Stone Soup version 0.18.1-6-gd335043 (webtiles) character file.

384062 inmateoo the Wrestler (level 23, -6/203 HPs)
             Began as a Ghoul Fighter on May 20, 2016.
             Was the Champion of Cheibriados.
             Shot with an arrow by a deep elf master archer (32 damage)
             ... on level 3 of the Elven Halls.
             The game lasted 01:21:39 (36232 turns).

inmateoo the Wrestler (Ghoul Fighter)              Turns: 36232, Time: 01:21:40

Health: -6/203     AC: 19    Str: 49    XL:     23   Next: 52%
Magic:  28/36      EV: 19    Int: 30    God:    Cheibriados [******]
Gold:   3405       SH: 11    Dex: 20    Spells: 6 memorised, 26 levels left

rFire  + + .     SeeInvis .       - Unarmed
rCold  + + .     Gourm    .     E - +4 scale mail of Weirdness {rC+ Regen+}
rNeg   + + +     Faith    .     F - +3 warlock's mirror {reflect}
rPois  ∞         Spirit   .     U - +0 hat of Grace {rElec rC- Int+8 Dex-3}
rElec  +         Dismiss  .     X - +0 cloak of Rytinoko {rPois rC+ MR++ Str+4}
rCorr  +         Reflect  +     (no gloves)
SustAt .         Harm     .     h - +2 pair of boots
MR     +++..                    (no amulet)
Stlth  ..........               o - ring of resist corrosion
                                i - ring "Neutous" {*Contam rF++ Int+4 Stlth-}

@: regenerating, rotting, very slow, extremely resistant to hostile
enchantments, extremely unstealthy
A: rotting body, claws 1, carnivore 3, cold resistance 1, negative energy
resistance 3, slow regeneration 1, torment resistance, unbreathing
a: Bend Time, Temporal Distortion, Slouch, Step From Time, Renounce Religion


You were on level 3 of the Elven Halls.
You worshipped Cheibriados.
Cheibriados was exalted by your worship.
You were not hungry.

You visited 5 branches of the dungeon, and saw 33 of its levels.
You also visited: Labyrinth and Ice Cave.

You collected 5107 gold pieces.
You spent 1702 gold pieces at shops.

Inventory:

Armour
 h - a +2 pair of boots (worn)
 y - a +2 helmet
 E - the +4 scale mail of Weirdness (worn) {rC+ Regen+}
   (You found it in an ice cave)

   It protects you from cold.
   It increases your rate of regeneration.
 F - the +3 warlock's mirror (worn) {reflect}
   (You bought it in a shop on level 2 of the Elven Halls)
 U - the +0 hat of Grace (worn) {rElec rC- Int+8 Dex-3}
   (You acquired it on level 14 of the Dungeon)

   It affects your intelligence (+8).
   It affects your dexterity (-3).
   It makes you vulnerable to cold.
   It insulates you from electricity.
 X - the +0 cloak of Rytinoko (worn) {rPois rC+ MR++ Str+4}
   (You acquired it on level 14 of the Dungeon)

   It affects your strength (+4).
   It protects you from cold.
   It protects you from poison.
   It affects your resistance to hostile enchantments.
 Z - the +8 chain mail of the Okapi {Dex+5}
   (You bought it in a shop on level 5 of the Depths)

   It affects your dexterity (+5).
Jewellery
 e - an uncursed ring of protection from cold
 i - the ring "Neutous" (left claw) {*Contam rF++ Int+4 Stlth-}
   (You found it in a labyrinth)

   [ring of loudness]

   It affects your intelligence (+4).
   It greatly protects you from fire.
   It causes magical contamination when unequipped.
   It makes you less stealthy.
 o - a ring of resist corrosion (right claw)
 B - an uncursed ring of protection from magic
 P - an uncursed ring of protection from fire
 S - an uncursed ring of see invisible
 V - a ring of the Octopus King {SustAt AC+1 EV+1 Str+1 Int+1 Dex+1}
   (You took it off a green draconian on level 5 of the Depths)

   [ring of sustain attributes]

   It sustains your strength, intelligence and dexterity.
   It affects your AC (+1).
   It affects your evasion (+1).
   It affects your strength (+1).
   It affects your intelligence (+1).
   It affects your dexterity (+1).
Wands
 r - a wand of disintegration (19/24)
 H - a wand of digging (11/24)
 I - a wand of paralysis (0/24)
 N - a wand of iceblast (9/15)
 W - a wand of heal wounds (2/9)
Scrolls
 m - 8 scrolls of amnesia
 p - 2 scrolls of blinking
 q - 8 scrolls of teleportation
 s - 2 scrolls of identify
 w - 4 scrolls of recharging
 D - 5 scrolls of fog
 G - 24 scrolls of remove curse
 M - 3 scrolls of fear
 O - 3 scrolls of magic mapping
 Q - 3 scrolls of torment
 R - 2 scrolls of enchant armour
Potions
 a - 16 potions of curing
 c - 6 potions of might
 j - 11 potions of brilliance
 k - 4 potions of flight
 n - 2 potions of ambrosia
 v - 4 potions of agility
 x - 3 potions of resistance
 C - 2 potions of heal wounds
 L - 3 potions of magic
 Y - a potion of cancellation
Miscellaneous
 b - a box of beasts {used: 4}
 f - a fan of gales
 z - a box of beasts
 J - a lamp of fire (inert)
 K - a box of beasts
Comestibles
 d - 11 meat rations
 g - 19 beef jerkies
 l - a chunk of flesh
 t - 3 slices of pizza
 u - a royal jelly


   Skills:
 + Level 16.3 Fighting
 + Level 14.0 Armour
 + Level 9.1 Dodging
 - Level 11.1 Shields
 * Level 21.6 Unarmed Combat
 + Level 10.8 Spellcasting
 - Level 5.0 Charms
 - Level 5.4 Necromancy
 + Level 7.6 Translocations
 - Level 10.5 Earth Magic
 - Level 10.4 Invocations
 + Level 8.1 Evocations


You had 26 spell levels left.
You knew the following spells:

 Your Spells              Type           Power        Failure   Level  Hunger
a - Regeneration          Chrm/Necr      #####.....   1%          3    None
b - Song of Slaying       Chrm           #####...     1%          2    None
c - Apportation           Tloc           ######....   1%          1    None
d - Passage of Golubria   Tloc           N/A          1%          4    None
e - Lee's Rapid Deconstr  Erth           ######....   1%          5    ###....
f - Passwall              Trmt/Erth      #####.....   1%          2    None


Dungeon Overview and Level Annotations

Branches:
Dungeon (15/15)            Temple (0/1) D:7            Lair (8/8) D:11
 Shoals (0/4) Lair:3       Spider (0/4) Lair:4        Slime (0/6) Lair:8
    Orc (2/2) D:9             Elf (3/3) Orc:2        Vaults (0/5) D:13
 Depths (5/5) D:15            Zot (0/5) Depths:5

Altars:
Cheibriados
Elyvilon
Fedhas
Gozag
Kikubaaqudgha
Makhleb
Nemelex Xobeh
Ru
Trog
Vehumet
Zin
The Shining One
Beogh

Shops:
D:11 [   D:13 =*(   D:14 *   Orc:2 !}[:   Elf:1 (   Elf:2 ?(*%[   Elf:3 :
Depths:5 [

Portals:
Hell: Depths:1 Depths:2 Depths:3 Depths:4 Depths:5
Abyss: Depths:2 Depths:4
Pandemonium: Depths:3 Depths:4
Ziggurat: Depths:5
Trove: Elf:3 (give 17 scrolls of identify)

Annotations:
Elf:2 3 runed doors


Innate Abilities, Weirdness & Mutations

Your body is rotting away.
You thrive on raw meat.
You are immune to poison.
You have sharp fingernails.
You are carnivorous and can eat meat at any time.
Your flesh is cold resistant.
You are immune to negative energy.
You regenerate slowly when monsters are visible.
You are immune to unholy pain and torment.
You can survive without breathing.


Message History

The deep elf master archer shoots an arrow.
The arrow hits you!
* * * LOW HITPOINT WARNING * * *
The deep elf master archer shoots an arrow.
The arrow hits you!
* * * LOW HITPOINT WARNING * * *
Unknown command.
Unknown command.
Unknown command.
Drink which item? (? for menu, Esc to quit)
Okay, then.
Evoke which item? (* to show all) (? for menu, Esc to quit)
Okay, then.
Evoke which item? (* to show all) (? for menu, Esc to quit)
Zapping:
W - a wand of heal wounds (3/9)
Press: ? - help, Shift-Dir - straight line, f - you You feel much better.
This wand has 2 charges left.
The deep elf master archer shoots an arrow.
The arrow hits you!!
You die...

####################(##.
#.###.((../)!.))(##.
#..#..##########.... ##.((##
#####
**********##.##********** ###
*,,,,,,,,,*#)#*,,,,,,,,,* #..
*,,,,,,,,,*#)#*,,,,,,,,,* #.#
*,,,,,,,,,*#)#*,,,,,,,,,* #.#
*,,,,,,,,,*#@#*,,,,,,,,,###.#
***+*******#)#*********,#....
*,,,* ****##e######*,,,,###.#
*,,,* #...≈≈)≈≈...#****,#.#..
*,,,**#*..≈≈)≈≈.).#####.##...
*,***..e..≈≈.≈≈.).\.....#.#..
*,* *.#...≈≈(≈≈..^###e..#.#..
*,***,######e######,**,.#^#..
*,**,,,,,,,.§.,,,,,,,**,##...


You could see a deep elf master archer and a deep elf sorcerer.

Vanquished Creatures
  An ancient lich (Depths:3)
  2 juggernauts
  Margery (Depths:3)
  A caustic shrike (Depths:4)
  4 golden dragons
  Nikola (Depths:3)
  Jory (Depths:3)
  An iron giant (Depths:2)
  2 liches
  4 tentacled monstrosities
  A deep elf master archer (Elf:3)
  A deep elf blademaster (Elf:3)
  A sphinx (Depths:4)
  5 draconian monks (Depths:5)
  A tengu reaver (Depths:4)
  Maud (Depths:3)
  Aizul (Elf:3)
  12 frost giants
  5 fire giants
  2 deep elf sorcerers (Elf:3)
  A draconian zealot (Depths:5)
  A deep elf elementalist (Elf:3)
  3 spriggan defenders
  A reaper (Depths:1)
  14 stone giants
  22 very ugly things
  A caustic shrike skeleton (Depths:3)
  2 black draconians (Depths:5)
  A vampire knight (Depths:4)
  6 deep elf demonologists
  8 green draconians (Depths:5)
  3 red draconians (Depths:5)
  10 spark wasps
  3 purple draconians (Depths:5)
  3 deep elf annihilators (Elf:3)
  5 white draconians (Depths:5)
  6 ettins
  A merfolk javelineer (Depths:2)
  4 vault guards (D:13)
  4 deep elf death magi
  8 fire dragons
  A minotaur (Lab)
  The ghost of inmateoo the Spear-Bearer, a journeyman HOFi of Beogh (D:11)
  A deep elf high priest (Elf:3)
  4 great orbs of eyes
  8 yaktaur captains
  4 rakshasas
  A quicksilver dragon skeleton (Depths:1)
  Erolcha (D:8)
  6 hydras
  9 entropy weavers
  9 ice dragons
  A hell beast (Depths:1)
  2 monstrous demonspawn (Depths:4)
  7 centaur warriors
  A catoblepas (D:14)
  6 death yaks
  6 ogre magi
  13 deep troll earth magi
  5 tengu warriors
  Urug (Orc:1)
  17 dancing weapons
  8 deep troll shamans
  A titan zombie (Depths:2)
  A large abomination (Elf:3)
  The ghost of Zebura the Covert, a journeyman VSWn of Gozag (D:10)
  6 spriggan berserkers
  2 soul eaters (Depths:3)
  12 deep elf knights
  8 hell knights
  4 unseen horrors
  2 shadow wraiths
  An iron troll (Depths:4)
  6 giant orange brains
  29 deep trolls
  2 hill giants
  2 spectral anacondas (Depths:3)
  A wizard (Depths:2)
  An obsidian statue (Depths:1)
  6 lindwurms (Depths:5)
  7 necromancers
  3 flayed ghosts
  2 orange crystal statues (Depths:3)
  A sphinx zombie (Depths:2)
  5 deep elf archers
  A wolf spider zombie (D:14)
  6 mana vipers (Depths:3)
  The ghost of Guinours the Insei, a novice DsGl of Gozag (D:6)
  24 ugly things
  12 orc sorcerers
  44 deep elf magi
  An iron dragon zombie (Depths:2)
  4 cyclopes
  2 griffons
  An octopode (shapeshifter) (Depths:2)
  4 frost giant zombies
  A manticore (D:13)
  8 black mambas
  19 elephants
  A sixfirhy (Depths:1)
  A fire giant skeleton (Depths:1)
  Psyche (D:9)
  22 spiny frogs
  A torpor snail (Lair:5)
  An orange demon (Depths:4)
  5 rust devils
  2 ice statues (IceCv)
  3 gargoyles
  A smoke demon (Depths:1)
  An elf skeleton (Depths:2)
  16 yaktaurs
  A spriggan zombie (Depths:2)
  2 tormentors
  11 komodo dragons
  An anaconda simulacrum (Depths:3)
  A golden dragon simulacrum (Depths:1)
  A spark wasp simulacrum (Depths:2)
  3 red devils (Depths:1)
  2 jumping spiders
  2 hellwings (Depths:1)
  4 tengu conjurers
  13 two-headed ogres
  9 trolls
  A giant leech (Lair:8)
  2 polar bears
  A wind drake (shapeshifter) (Depths:3)
  Prince Ribbit (D:7)
  A hornet zombie (D:13)
  2 wind drakes (Depths:5)
  12 slime creatures
  A raiju (shapeshifter) (Depths:5)
  2 boulder beetles
  30 blink frogs
  2 raiju (Depths:3)
  6 flying skulls (Depths:1)
  9 spriggans
  13 redbacks
  An elf simulacrum (Depths:3)
  2 air elementals
  11 wraiths
  A redback (shapeshifter) (Depths:4)
  8 shadows
  3 vampires
  3 tarantellas
  8 water elementals
  A wyvern (D:12)
  A ynoxinul (Depths:1)
  68 yaks
  A basilisk (Lair:2)
  4 fire elementals
  Grum (D:10)
  11 vampire mosquitoes
  A steam dragon (D:8)
  9 hippogriffs
  3 hungry ghosts (D:8)
  A steam dragon (shapeshifter) (Depths:5)
  A mottled dragon (D:15)
  9 wargs
  16 water moccasins
  A hydra simulacrum (Depths:3)
  A minotaur simulacrum (Depths:3)
  2 soldier ants (D:14)
  Duvessa (D:7)
  2 giant eyeballs
  5 hell hounds
  2 spectral spriggans (Depths:3)
  5 swamp drakes
  5 sky beasts
  16 orc warriors
  15 porcupines
  3 phantoms
  3 black bears
  9 wasps
  A necrophage (D:5)
  17 ice beasts
  A snapping turtle zombie (Depths:3)
  31 wolves
  9 boggarts
  3 eyes of draining
  36 ogres
  9 centaurs
  19 crocodiles
  2 big kobolds (D:13)
  47 giant frogs
  2 wyvern zombies
  2 earth elementals
  3 scorpions
  A wyvern skeleton (D:12)
  Dowan (D:7)
  4 spectral ogres (Depths:3)
  14 killer bees
  3 spectral nagas (Depths:3)
  4 troll zombies (D:9)
  26 wights
  10 electric eels
  6 howler monkeys
  8 centaur zombies
  6 crimson imps
  3 giant frog zombies
  3 quasits
  5 jellies
  7 orc priests
  5 centaur skeletons
  4 hounds
  25 orc wizards
  2 giant frog skeletons
  8 iguanas
  Natasha (twice) (D:3)
  9 worker ants
  A spriggan simulacrum (Depths:3)
  6 sheep (Lair:8)
  4 ogre zombies (D:9)
  2 hound skeletons
  2 hound zombies (D:10)
  14 adders
  6 gnolls
  A howler monkey skeleton (D:4)
  2 howler monkey zombies
  121 river rats
  2 shadow imps
  2 adder zombies
  An ooze (D:1)
  2 adder skeletons
  2 worms
  2 dart slugs (D:2)
  The ghost of M4edhros the Grave Robber, a weakling OpNe (D:4)
  6 giant geckos
  71 orcs
  6 giant cockroaches
  11 goblins
  7 hobgoblins
  4 jackals (D:1)
  4 quokkas
  8 bats
  A giant gecko skeleton (D:9)
  A giant gecko zombie (D:8)
  6 giant newts
  A goblin skeleton (D:9)
  A goblin zombie (D:9)
  A hobgoblin skeleton (D:9)
  2 hobgoblin zombies (D:9)
  14 kobolds
  6 orc skeletons (D:9)
  14 orc zombies (D:9)
  A rat (shapeshifter) (Depths:2)
  7 rats
  A butterfly (Lair:3)
  2 fungi
  A plant (Lair:8)
1605 creatures vanquished.

Vanquished Creatures (collateral kills)
  A deep troll (Depths:2)
  A hill giant (D:12)
  A spriggan (Depths:3)
3 creatures vanquished.

Vanquished Creatures (others)
  2 deep trolls (Depths:3)
  A frost giant skeleton (Depths:2)
  2 yaktaurs
  A redback (Depths:5)
  A swamp drake (Depths:5)
  A boggart (Depths:1)
  A wight (Depths:3)
  42 fungi
  A lost soul (Depths:3)
  74 plants
126 creatures vanquished.

Grand Total: 1734 creatures vanquished

Notes
Turn   | Place    | Note
--------------------------------------------------------------
     0 | D:1      | inmateoo the Ghoul Fighter began the quest for the Orb.
     0 | D:1      | Reached XP level 1. HP: 19/19 MP: 0/0
    63 | D:1      | Reached XP level 2. HP: 21/26 MP: 1/1
   405 | D:1      | Reached XP level 3. HP: 30/30 MP: 2/2
   543 | D:1      | Reached skill level 3 in Unarmed Combat
   818 | D:2      | Found a sparkling altar of Nemelex Xobeh.
   940 | D:2      | Reached XP level 4. HP: 40/40 MP: 3/3
  1786 | D:3      | Reached XP level 5. HP: 46/46 MP: 4/4
  1806 | D:3      | Reached skill level 4 in Unarmed Combat
  1858 | D:3      | Noticed Natasha
  1865 | D:3      | Killed Natasha
  1882 | D:3      | Found an opulent altar of Gozag.
  1924 | D:3      | Noticed Natasha
  1931 | D:3      | Killed Natasha
  2162 | D:3      | Reached XP level 6. HP: 51/53 MP: 5/5
  2237 | D:4      | Found a burning altar of Makhleb.
  2239 | D:4      | Found a blossoming altar of Fedhas.
  2434 | D:4      | Noticed M4edhros's ghost (weakling OpNe)
  2454 | D:4      | Killed M4edhros's ghost
  2798 | D:5      | Entered Level 5 of the Dungeon
  2800 | D:5      | Reached skill level 5 in Unarmed Combat
  2915 | D:5      | Reached XP level 7. HP: 47/58 MP: 6/6
  2947 | D:5      | Got a transparent ring mail
  2961 | D:5      | Identified the cursed +0 ring mail of Asakhush {Dex+2} (You found it on level 5 of the Dungeon)
  3026 | D:5      | Reached skill level 5 in Fighting
  3497 | D:5      | Reached skill level 6 in Unarmed Combat
  3562 | D:5      | Reached XP level 8. HP: 68/69 MP: 7/7
  3703 | D:6      | Found a sacrificial altar of Ru.
  3913 | D:6      | Noticed Guinours's ghost (novice DsGl)
  3938 | D:6      | Killed Guinours's ghost
  3938 | D:6      | Reached skill level 5 in Armour
  3938 | D:6      | Reached skill level 5 in Shields
  3938 | D:6      | Reached skill level 7 in Unarmed Combat
  4383 | D:6      | Reached XP level 9. HP: 66/78 MP: 8/8
  4388 | D:6      | Reached skill level 8 in Unarmed Combat
  5192 | D:7      | Reached skill level 9 in Unarmed Combat
  5283 | D:7      | Noticed Duvessa
  5284 | D:7      | Noticed Dowan
  5286 | D:7      | Noticed Prince Ribbit
  5299 | D:7      | Killed Duvessa
  5327 | D:7      | Killed Prince Ribbit
  5331 | D:7      | Killed Dowan
  5536 | D:7      | Found a snail-covered altar of Cheibriados.
  5682 | D:7      | Became a worshipper of Cheibriados the Contemplative
  5873 | D:7      | Found a staircase to the Ecumenical Temple.
  5948 | D:7      | Reached XP level 10. HP: 36/86 MP: 9/9
  6021 | D:8      | Reached * piety under Cheibriados
  6031 | D:8      | Reached skill level 10 in Unarmed Combat
  6186 | D:8      | Noticed Erolcha
  6210 | D:8      | Killed Erolcha
  6471 | D:8      | Reached ** piety under Cheibriados
  6609 | D:8      | Found a blossoming altar of Fedhas.
  6690 | D:9      | Found a white marble altar of Elyvilon.
  6703 | D:9      | Found a bloodstained altar of Trog.
  6703 | D:9      | Found a glowing silver altar of Zin.
  6716 | D:9      | Noticed Psyche
  6728 | D:9      | Killed Psyche
  6758 | D:9      | Reached skill level 11 in Unarmed Combat
  6782 | D:9      | Reached skill level 1 in Invocations
  6877 | D:9      | Found a staircase to the Orcish Mines.
  6949 | D:9      | Reached *** piety under Cheibriados
  7008 | D:9      | Reached XP level 11. HP: 89/95 MP: 11/11
  7121 | D:9      | Reached **** piety under Cheibriados
  7416 | D:10     | Entered Level 10 of the Dungeon
  7532 | D:10     | Noticed Grum
  7535 | D:10     | Noticed Zebura's ghost (journeyman VSWn)
  7551 | D:10     | Killed Grum
  7556 | D:10     | Killed Zebura's ghost
  7556 | D:10     | Reached skill level 12 in Unarmed Combat
  7837 | D:10     | Reached ***** piety under Cheibriados
  8192 | D:11     | Noticed a hill giant
  8201 | D:11     | Killed a hill giant
  8270 | D:11     | Found a staircase to the Lair.
  8317 | D:11     | Found Zunifuba's Specialty Armours.
  8391 | D:11     | Noticed inmateoo's ghost (journeyman HOFi)
  8402 | D:11     | Killed inmateoo's ghost
  8402 | D:11     | Reached XP level 12. HP: 79/105 MP: 14/14
  8519 | D:11     | Got a warped leather armour
  8530 | D:11     | Identified the +2 leather armour of Midsummer {rPois rF+++ Dex+4 Slay-5} (You found it on level 11 of the Dungeon)
  9058 | D:12     | Reached skill level 5 in Invocations
  9118 | D:12     | Reached skill level 13 in Unarmed Combat
  9593 | D:13     | Learned a level 1 spell: Apportation
  9689 | D:13     | Found Yleogode's Weapon Shoppe.
 10075 | D:12     | Reached skill level 1 in Spellcasting
 10352 | D:12     | Reached skill level 10 in Fighting
 10437 | D:13     | Reached skill level 1 in Translocations
 10475 | D:13     | Found Jewomem's Assorted Antiques.
 10490 | D:13     | Bought a runed cloak for 148 gold pieces
 10701 | D:13     | Noticed a fire dragon
 10702 | D:13     | Found Lulibrin's Jewellery Boutique.
 10715 | D:13     | Killed a fire dragon
 10871 | D:13     | Bought an uncursed ring of see invisible for 240 gold pieces
 10988 | D:13     | Noticed a vault guard
 10988 | D:13     | Found a gate to the Vaults.
 10988 | D:13     | Noticed a vault guard
 10988 | D:13     | Noticed a vault guard
 10988 | D:13     | Noticed a vault guard
 11005 | D:13     | Killed a vault guard
 11009 | D:13     | Killed a vault guard
 11009 | D:13     | Reached XP level 13. HP: 65/112 MP: 0/16
 11020 | D:13     | Killed a vault guard
 11027 | D:13     | Killed a vault guard
 11027 | D:13     | Reached skill level 14 in Unarmed Combat
 11354 | D:13     | Reached ****** piety under Cheibriados
 11474 | D:14     | Identified a scroll of acquirement
 11477 | D:14     | Got a slimy hat
 11483 | D:14     | Identified the +0 hat of Grace {rElec rC- Int+8 Dex-3} (You acquired it on level 14 of the Dungeon)
 12487 | D:14     | Found Pody's Pet Rocks.
 12716 | D:14     | Reached XP level 14. HP: 107/124 MP: 18/18
 12730 | D:14     | Got a crude cloak
 12747 | D:14     | Identified the +0 cloak of Rytinoko {rPois rC+ MR++ Str+4} (You acquired it on level 14 of the Dungeon)
 12945 | D:15     | Entered Level 15 of the Dungeon
 12997 | D:15     | Found a staircase to the Depths.
 13091 | D:15     | Reached skill level 15 in Unarmed Combat
 13764 | Lair:1   | Entered Level 1 of the Lair of Beasts
 14023 | Lair:1   | Reached skill level 10 in Shields
 15387 | Lair:3   | You fall through a shaft for 2 floors!
 15588 | Lair:5   | Reached skill level 10 in Armour
 15725 | Lair:5   | Reached skill level 5 in Translocations
 16500 | Lair:6   | Reached XP level 15. HP: 128/130 MP: 21/21
 16509 | Lair:6   | Reached skill level 5 in Spellcasting
 16545 | Lair:6   | Found a labyrinth entrance.
 16557 | Lab      | Entered a labyrinth
 17088 | Lab      | Got a brightly glowing glass ring
 17088 | Lab      | Identified the Volume of Helpful Bewitchment
 17088 | Lab      | Got a coiled steel amulet
 17093 | Lab      | Learned a level 2 spell: Song of Slaying
 17097 | Lab      | Learned a level 3 spell: Regeneration
 17101 | Lab      | Identified the amulet of the Iron Devil {Inacc rF+} (You found it in a labyrinth)
 17108 | Lab      | Identified the ring "Neutous" {*Contam rF++ Int+4 Stlth-} (You found it in a labyrinth)
 17116 | Lab      | Got a crude chain mail
 17129 | Lab      | Identified the +5 chain mail "Gybocag" {*Drain rPois Str-4 Stlth+} (You found it in a labyrinth)
 17337 | Lair:6   | Reached skill level 16 in Unarmed Combat
 18095 | Lair:7   | Learned a level 4 spell: Passage of Golubria
 18102 | Lair:7   | Learned a level 5 spell: Lee's Rapid Deconstruction
 18106 | Lair:7   | Learned a level 2 spell: Passwall
 18195 | Lair:7   | Reached skill level 1 in Charms
 18599 | Lair:8   | Entered Level 8 of the Lair of Beasts
 18606 | Lair:8   | Found a staircase to the Slime Pits.
 18669 | Lair:8   | Reached skill level 1 in Earth Magic
 19920 | Lair:4   | Found a frozen archway.
 20005 | IceCv    | Entered an ice cave
 20023 | IceCv    | Reached XP level 16. HP: 108/139 MP: 23/23
 20066 | IceCv    | Got an ancient scale mail
 20077 | IceCv    | Identified the +4 scale mail of Weirdness {rC+ Regen+} (You found it in an ice cave)
 20107 | Lair:4   | Found a glowing golden altar of the Shining One.
 20514 | Lair:4   | Found a hole to the Spider Nest.
 20973 | Lair:3   | Found an ancient bone altar of Kikubaaqudgha.
 21262 | Lair:3   | Found a staircase to the Shoals.
 21708 | Orc:1    | Entered Level 1 of the Orcish Mines
 21708 | Orc:1    | Noticed Urug
 21724 | Orc:1    | Killed Urug
 21909 | Orc:2    | Entered Level 2 of the Orcish Mines
 21969 | Orc:2    | Found a staircase to the Elven Halls.
 22306 | Orc:2    | Found Fopteulu's Distillery.
 22330 | Orc:2    | Found Ydexzor's Book Emporium.
 22378 | Orc:2    | Found a radiant altar of Vehumet.
 22389 | Orc:2    | Found Ynant's Antique Armour Emporium.
 22414 | Orc:2    | Reached skill level 17 in Unarmed Combat
 22420 | Orc:2    | Found a roughly hewn altar of Beogh.
 22420 | Orc:2    | Found Pukawopp's Gadget Emporium.
 22488 | Orc:2    | Found an ancient bone altar of Kikubaaqudgha.
 22904 | Elf:1    | Entered Level 1 of the Elven Halls
 23030 | Elf:1    | Found Hevvihic's Antique Weapon Emporium.
 23194 | Elf:1    | Reached skill level 10 in Invocations
 23791 | Elf:2    | Reached skill level 1 in Necromancy
 23854 | Elf:2    | Found Catres Potei's Antique Weapon Shoppe.
 24153 | Elf:2    | Reached XP level 17. HP: 130/148 MP: 18/25
 24169 | Elf:2    | Reached skill level 1 in Dodging
 24230 | Elf:2    | Found Sidwoduf's Food Shop.
 24238 | Elf:2    | Found Leygg's Antique Armour Emporium.
 24244 | Elf:2    | Bought the +3 warlock's mirror {reflect} for 997 gold pieces
 24278 | Elf:2    | Found Nipicise's General Store.
 24282 | Elf:2    | Bought a potion of curing for 42 gold pieces
 24348 | Elf:2    | Found a runed gate.
 24348 | Elf:2    | Found a runed gate.
 24353 | Elf:2    | Found a runed gate.
 24375 | Elf:2    | Found Hulyamew's Magic Scroll Boutique.
 24681 | Elf:1    | Reached skill level 5 in Earth Magic
 24898 | Depths:1 | Entered Level 1 of the Depths
 25102 | Depths:1 | Reached skill level 5 in Charms
 25918 | Depths:1 | Reached skill level 18 in Unarmed Combat
 26075 | Depths:1 | Found a gateway to Hell.
 26280 | Depths:1 | Reached XP level 18. HP: 78/156 MP: 22/28
 26469 | Depths:1 | Reached skill level 5 in Necromancy
 26658 | Depths:2 | Found a one-way gate to the infinite horrors of the Abyss.
 27113 | Depths:2 | Reached skill level 1 in Evocations
 27115 | Depths:2 | Got a vibrating pewter amulet
 27124 | Depths:2 | Noticed an iron giant
 27141 | Depths:2 | Killed an iron giant
 27420 | Depths:2 | Identified Sif Muna's Papyrus of Fiery Envenoming
 27898 | Depths:2 | Reached skill level 19 in Unarmed Combat
 27915 | Depths:2 | Reached skill level 5 in Dodging
 28238 | Depths:3 | Reached XP level 19. HP: 153/167 MP: 30/30
 28381 | Depths:3 | Noticed a tentacled monstrosity
 28393 | Depths:3 | Killed a tentacled monstrosity
 28560 | Depths:3 | Noticed a lich
 28608 | Depths:3 | Noticed Margery
 28613 | Depths:3 | Noticed Jory
 28614 | Depths:3 | Noticed Maud
 28631 | Depths:3 | Killed Maud
 28758 | Depths:3 | Killed a lich
 28806 | Depths:3 | Noticed Nikola
 28844 | Depths:3 | Killed Nikola
 29017 | Depths:3 | Identified the amulet "Joom Uso" {Harm *Drain Str+2} (You took it off a wizard on level 2 of the Depths)
 29027 | Depths:3 | Paralysed by a giant eyeball for 2 turns
 29086 | Depths:3 | Killed Jory
 29380 | Depths:3 | Found a one-way gate leading to the halls of Pandemonium.
 29563 | Depths:3 | Noticed an ancient lich
 29578 | Depths:3 | Killed an ancient lich
 29679 | Depths:3 | Reached XP level 20. HP: 131/176 MP: 26/31
 29697 | Depths:3 | Killed Margery
 30101 | Depths:3 | Reached skill level 5 in Evocations
 30862 | Depths:4 | Reached skill level 20 in Unarmed Combat
 31234 | Depths:4 | Reached skill level 15 in Fighting
 31486 | Depths:4 | Noticed a golden dragon
 31493 | Depths:4 | Killed a golden dragon
 31510 | Depths:4 | Noticed a juggernaut
 31525 | Depths:4 | Killed a juggernaut
 31672 | Depths:4 | Noticed a caustic shrike
 31681 | Depths:4 | Killed a caustic shrike
 31804 | Depths:4 | Noticed a golden dragon
 31958 | Depths:4 | Killed a golden dragon
 32038 | Depths:4 | Reached XP level 21. HP: 117/184 MP: 30/33
 32557 | Depths:5 | Entered Level 5 of the Depths
 32974 | Depths:5 | Noticed a golden dragon
 32991 | Depths:5 | Killed a golden dragon
 33010 | Depths:5 | Reached skill level 10 in Spellcasting
 33206 | Depths:5 | Reached skill level 21 in Unarmed Combat
 33222 | Depths:5 | Noticed a golden dragon
 33233 | Depths:5 | Killed a golden dragon
 33294 | Depths:5 | Reached skill level 10 in Earth Magic
 33639 | Depths:5 | Found a gateway to a ziggurat.
 33671 | Depths:5 | Found Bir Qugh's Antique Armour Boutique.
 33692 | Depths:5 | Bought a slimy chain mail for 275 gold pieces
 33697 | Depths:5 | Identified the +8 chain mail of the Okapi {Dex+5} (You bought it in a shop on level 5 of the Depths)
 33779 | Depths:5 | Got a ring of the Octopus King
 33981 | Depths:5 | Found a gate to the Realm of Zot.
 34007 | Depths:5 | Identified a ring of the Octopus King {SustAt AC+1 EV+1 Str+1 Int+1 Dex+1} (You took it off a green draconian on level 5 of the Depths)
 34096 | Depths:5 | Noticed a juggernaut
 34177 | Depths:5 | Reached XP level 22. HP: 178/194 MP: 35/35
 34529 | Depths:5 | Killed a juggernaut
 34972 | Elf:3    | Entered Level 3 of the Elven Halls
 35015 | Elf:3    | Noticed Aizul
 35024 | Elf:3    | Killed Aizul
 35355 | Elf:3    | Found Zuofreid's Book Shop.
 35421 | Elf:3    | Found a portal to a secret trove of treasure.
 36170 | Elf:3    | Reached XP level 23. HP: 203/203 MP: 36/36
 36176 | Elf:3    | Got an ichor-stained war axe {chop}
 36177 | Elf:3    | Identified the +3 war axe of the Pit {chop, +Blink rF- Stlth+} (You took it off a deep elf annihilator on level 3 of the Elven Halls)
 36231 | Elf:3    | HP: 2/203 [deep elf master archer/arrow (16)]
 36232 | Elf:3    | Shot with an arrow by a deep elf master archer

Skill      XL: |  1  2  3  4  5  6  7  8  9 10 11 12 13 14 15 16 17 18 19 20 21 22 23 |
---------------+----------------------------------------------------------------------+-----
Armour         | 3 4 5 6 7 8 9 10 11 12 13 14 | 14.0
Unarmed Combat | 3 4 5 6 7 9 11 12 13 14 15 16 17 18 19 20 21 | 21.6
Fighting       | 4 5 6 7 8 9 10 11 12 13 14 15 16 | 16.3
Shields        | 3 4 5 6 7 8 9 10 11 | 11.1
Invocations    | 1 4 6 7 8 9 10 | 10.4
Spellcasting   | 2 3 4 5 6 7 8 9 10 | 10.8
Translocations | 2 3 5 6 7 |  7.6
Charms         | 3 4 5 |  5.0
Earth Magic    | 3 4 5 6 7 9 10 | 10.5
Necromancy     | 1 4 5 |  5.4
Dodging        | 3 5 6 7 8 9 |  9.1
Evocations     | 2 4 6 7 8 |  8.1

Action                   |  1- 3 |  4- 6 |  7- 9 | 10-12 | 13-15 | 16-18 | 19-21 | 22-24 || total
-------------------------+-------+-------+-------+-------+-------+-------+-------+-------++-------
Melee: Unarmed           |   138 |   187 |   380 |   802 |  1388 |  1305 |  1172 |   230 ||  5602
 Cast: Regeneration      |       |       |       |       |       |     1 |    53 |    12 ||    66
       Lee's Rapid Decon |       |       |       |       |       |       |    12 |       ||    12
       Song of Slaying   |       |       |       |       |       |       |     6 |       ||     6
       Passage of Golubr |       |       |       |       |       |       |     5 |     1 ||     6
Invok: Slouch            |       |       |       |     3 |     8 |    14 |     6 |     4 ||    35
       Temporal Distorti |       |       |       |       |       |       |     1 |       ||     1
Evoke: Wand              |       |       |     4 |     2 |     4 |     5 |     6 |     4 ||    25
       Lamp of fire      |       |       |       |     1 |       |     3 |     4 |     1 ||     9
       Box of beasts     |       |       |       |       |       |       |     2 |     2 ||     4
  Use: Scroll            |       |     9 |     4 |     9 |    13 |     6 |     9 |     4 ||    54
       Potion            |       |       |       |     5 |       |     4 |       |     2 ||    11
 Stab: Paralysed         |       |       |     1 |       |       |       |     2 |       ||     3
       Distracted        |       |       |       |       |       |       |       |     1 ||     1
  Eat: Chunk             |     6 |     6 |    33 |    55 |   154 |   135 |   141 |    26 ||   556
Armor: Scale mail        |    31 |       |       |       |       |   390 |   380 |    65 ||   866
       Chain mail        |    11 |    91 |   110 |   285 |   443 |     2 |       |       ||   942
Dodge: Dodged            |    36 |    33 |    89 |   321 |   451 |   389 |   590 |    87 ||  1996
Block: Shield            |    51 |    66 |   139 |   532 |  1063 |   375 |       |       ||  2226
       Buckler           |       |       |       |       |       |   268 |   519 |    76 ||   863
       Reflection        |       |       |       |       |       |    12 |    58 |    21 ||    91
